 Dungeon Crawl Stone Soup version 0.21-a0-625-g1119ec1 (webtiles) character file.

5895 Gaball the Basher (level 10, -1/76 HPs)
             Began as a Demonspawn Abyssal Knight on Dec 25, 2017.
             Was a High Priest of Lugonu.
             Splashed by Erolcha's acid (12 damage)
             ... on level 9 of the Dungeon.
             The game lasted 00:30:19 (12557 turns).

Gaball the Basher (Demonspawn Abyssal Knight)      Turns: 12557, Time: 00:30:20

Health: -1/76      AC:  7    Str: 16    XL:     10   Next: 53%
Magic:  11/11      EV: 11    Int: 18    God:    Lugonu [*****.]
Gold:   709        SH:  3    Dex: 12    Spells: 9/9 levels left

rFire    . . .     SeeInvis +   g - +1 mace (protect)
rCold    + + .     Gourm    .   h - +0 buckler
rNeg     . . .     Faith    .   O - +2 animal skin
rPois    .         Spirit   .   (helmet unavailable)
rElec    .         Reflect  .   (no cloak)
rCorr    .         Harm     .   (no gloves)
MR       .....                  (no boots)
Stlth    +.........             i - amulet of rage
HPRegen  0.22/turn              I - ring of protection from cold
MPRegen  0.12/turn              D - +4 ring of intelligence

@: no status effects
A: antennae 3, icy blue scales 2, cold resistance 1, demonic guardian 1
a: Depart the Abyss, Bend Space, Banish, Corrupt, Enter the Abyss, Renounce
Religion, Evoke Berserk Rage


You were on level 9 of the Dungeon.
You worshipped Lugonu.
Lugonu was extremely pleased with you.
You were very hungry.

You visited 1 branch of the dungeon, and saw 9 of its levels.
You visited the Abyss 1 time.
You also visited: Bailey.

You collected 709 gold pieces.

Inventory:

Hand Weapons
 a - a +1 mace
 g - a +1 mace of protection (weapon)
Missiles
 F - a throwing net (quivered)
Armour
 b - a +0 leather armour
 h - a +0 buckler (worn)
 O - a +2 animal skin (worn)
Jewellery
 i - an amulet of rage (around neck)
 n - an uncursed ring of magical power
 y - a +4 ring of intelligence
 D - a +4 ring of intelligence (right hand)
 E - an uncursed amulet of magic regeneration
 I - a ring of protection from cold (left hand)
 J - an uncursed ring of ice
 L - an uncursed ring of see invisible {unknown}
 N - a +4 ring of dexterity {unknown}
 P - an uncursed ring of protection from magic {unknown}
Wands
 t - a wand of random effects (19)
 H - a wand of enslavement (11)
Scrolls
 d - 8 scrolls of teleportation
 e - 2 scrolls of magic mapping {unknown}
 j - 3 scrolls of amnesia
 l - a scroll of fog {unknown}
 m - 3 scrolls of enchant weapon
 r - a scroll of fear {unknown}
 s - a scroll of blinking
 u - 3 scrolls of immolation
 v - a scroll of noise {unknown}
 w - 2 scrolls of remove curse {unknown}
 B - 2 scrolls of enchant armour {unknown}
Potions
 f - 3 potions of curing
 k - a potion of might {unknown}
 o - 2 potions of magic
 p - 2 potions of mutation
 q - 3 potions of agility {unknown}
 x - a potion of brilliance {unknown}
 z - a potion of degeneration {unknown}
 A - 4 potions of haste {unknown}
 C - a potion of resistance
 K - 2 potions of heal wounds
Books
 M - a book of Minor Magic

   Spells                             Type                      Level
   a - Magic Dart                     Conjuration                  1
   b - Blink                          Translocation                2
   c - Call Imp                       Summoning                    2
   d - Slow                           Hexes                        2
   e - Conjure Flame                  Conjuration/Fire             3
   f - Mephitic Cloud                 Conjuration/Poison/Air       3
Miscellaneous
 Q - a sack of spiders
Comestibles
 c - 14 rations


   Skills:
 + Level 6.0 Fighting
 + Level 13.4 Maces & Flails
 - Level 1.7 Armour
 - Level 0.8 Dodging
 - Level 2.4 Invocations


You had 9 spell levels left.
You didn't know any spells.

Dungeon Overview and Level Annotations

Branches:
Dungeon (9/15)             Temple (0/1) D:6            Lair (0/6) D:9
    Orc: D:9-12

Altars:
Dithmenos
Gozag
Hepliaklqana
Kikubaaqudgha
Trog
Wu Jian
Xom
Zin

Shops:
D:4 :   D:6 [   D:9 %

Annotations:
D:3 Grinder
D:9 Erolcha


Innate Abilities, Weirdness & Mutations

You have a pair of large antennae on your head. (SInv)
You are mostly covered in icy blue scales. (AC +3)
Your flesh is cold resistant. (rC+)
A weak demonic guardian rushes to your aid.


Message History

Your shadow imp resists.
Your shadow imp hits Erolcha but does no damage.
The komodo dragon bites your shadow imp.
Your ufetubus barely misses Erolcha.
Your ufetubus closely misses Erolcha.
Your shadow imp hits Erolcha.
Something bites your shadow imp!
Your shadow imp dies!
Erolcha misses your ufetubus.
Your ufetubus closely misses Erolcha.
Your ufetubus hits Erolcha but does no damage.
Erolcha hits your ufetubus with a giant club!
Your ufetubus dies!
Evoke which item? (* to show all) (? for menu, Esc to quit)
You reach into the bag... ...but nothing happens.
Erolcha casts a spell at you. The bolt of cold misses you.
Erolcha zaps a wand.
The bolt of acid hits you!
You are splashed with acid!
The acid burns!
Erolcha is no longer moving quickly.
Erolcha zaps a wand.
The bolt of acid hits you!
* * * LOW HITPOINT WARNING * * *
You are splashed with acid!
The acid burns!
You die...

#........##......##
#........######.##
#........# #.#
########## #.# ###
#.# {{### #.# .l..#
#######.# ##.O####
##.##.##.#
####{..###.O....@.#
####..l#########
#.#### ###


You could see Erolcha and a komodo dragon.

Vanquished Creatures
  A two-headed ogre (D:9)
  Pikel (D:5)
  A troll (D:8)
  2 hippogriffs
  A steam dragon (D:9)
  A hungry ghost (D:7)
  A water moccasin (D:7)
  A slave (D:5)
  3 sky beasts
  5 orc warriors
  2 wolves (D:8)
  4 phantoms
  An ice beast (D:8)
  2 centaurs
  3 ogres
  2 bullfrogs
  3 scorpions (D:7)
  4 killer bees (D:9)
  5 crimson imps
  A quasit (D:7)
  4 hounds
  7 orc priests
  2 jellies
  8 orc wizards
  Natasha (thrice) (D:3)
  An iguana (D:5)
  3 worker ants
  A hound skeleton (D:5)
  7 adders
  14 gnolls
  A shadow imp (D:4)
  10 oozes
  A worm (D:3)
  3 dart slugs
  3 leopard geckos
  26 orcs
  4 ball pythons
  7 bats
  10 giant cockroaches
  7 hobgoblins
  18 jackals
  3 quokkas
  3 frilled lizards
  2 goblins
  A jackal skeleton (D:5)
  2 jackal zombies
  14 kobolds
  A leopard gecko skeleton (D:4)
  2 quokka zombies (D:5)
  6 rats
218 creatures vanquished.

Vanquished Creatures (collateral kills)
  A sky beast (D:5)
  A slave (D:5)
  A phantom (D:7)
  An ogre (D:5)
  2 wolves (D:8)
  A bullfrog (D:7)
  A scorpion (D:5)
  A worker ant (D:7)
  A gnoll (D:7)
  An adder zombie (D:5)
  5 orcs
16 creatures vanquished.

Vanquished Creatures (others)
  Grum (D:8)
  4 fungi (D:4)
  12 toadstools (D:4)
17 creatures vanquished.

Grand Total: 251 creatures vanquished

Notes
Turn   | Place    | Note
-------+----------+-------------------------------------------
     0 | Abyss:1  | Gaball the Demonspawn Abyssal Knight began the quest for the Orb.
     0 | Abyss:1  | Reached XP level 1. HP: 18/18 MP: 2/2
    30 | Abyss:1  | Noticed a small abomination
    68 | Abyss:1  | Noticed a fire bat
    70 | Abyss:1  | Noticed a shadow
    72 | D:1      | Escaped the Abyss
   129 | D:1      | Reached skill level 2 in Maces & Flails
   145 | D:1      | Gained mutation: You are partially covered in icy blue scales. (AC +2) [demonic ancestry]
   145 | D:1      | Reached XP level 2. HP: 22/24 MP: 3/3
   179 | D:1      | Reached * piety under Lugonu
   417 | D:1      | Reached skill level 3 in Maces & Flails
   649 | D:1      | Gained mutation: You are mostly covered in icy blue scales. (AC +3) [demonic ancestry]
   649 | D:1      | Reached XP level 3. HP: 28/29 MP: 4/4
  1185 | D:2      | Gained mutation: You have a pair of small antennae on your head. [demonic ancestry]
  1185 | D:2      | Reached XP level 4. HP: 21/35 MP: 5/5
  1372 | D:2      | Reached skill level 4 in Maces & Flails
  1832 | D:3      | Noticed an orc warrior
  1958 | D:3      | Reached ** piety under Lugonu
  2041 | D:3      | Found a bloodstained altar of Trog.
  2342 | D:3      | Reached skill level 5 in Maces & Flails
  2342 | D:3      | Gained mutation: Your flesh is cold resistant. (rC+) [demonic ancestry]
  2342 | D:3      | Reached XP level 5. HP: 18/41 MP: 6/6
  2784 | D:3      | Noticed Natasha
  2788 | D:3      | Killed Natasha
  2794 | D:3      | Noticed Grinder
  2795 | D:3      | Paralysed by Grinder for 7 turns
  2837 | D:3      | Paralysed by Grinder for 4 turns
  2863 | D:3      | Paralysed by Grinder for 2 turns
  3058 | D:3      | Noticed Natasha
  3069 | D:3      | Killed Natasha
  3591 | D:4      | Noticed an ogre
  3643 | D:3      | Reached XP level 6. HP: 38/47 MP: 7/7
  3718 | D:3      | Noticed Natasha
  3727 | D:3      | Killed Natasha
  3727 | D:3      | Reached skill level 6 in Maces & Flails
  3940 | D:3      | Killed an orc warrior
  4460 | D:4      | Reached skill level 7 in Maces & Flails
  4460 | D:4      | Reached XP level 7. HP: 52/52 MP: 8/8
  5091 | D:4      | Found Ypaitu's Book Emporium.
  5711 | D:3      | Reached *** piety under Lugonu
  6025 | D:5      | Entered Level 5 of the Dungeon
  6033 | D:5      | Noticed a hippogriff
  6047 | D:5      | Killed a hippogriff
  6047 | D:5      | Reached skill level 8 in Maces & Flails
  6227 | D:5      | Found an ancient bone altar of Kikubaaqudgha.
  6380 | D:5      | Gained mutation: A weak demonic guardian rushes to your aid. [demonic ancestry]
  6380 | D:5      | Reached XP level 8. HP: 58/58 MP: 9/9
  6712 | D:5      | Reached skill level 9 in Maces & Flails
  6792 | D:5      | Found a glowing silver altar of Zin.
  6918 | D:5      | Noticed Pikel
  6952 | D:5      | Found a shadowy altar of Dithmenos.
  7344 | D:5      | Killed Pikel
  7344 | D:5      | Reached skill level 10 in Maces & Flails
  7559 | D:6      | Found Kegoemm's Antique Armour Emporium.
  7975 | D:6      | Found a staircase to the Ecumenical Temple.
  8485 | D:7      | Gained mutation: You have a pair of antennae on your head. [demonic ancestry]
  8485 | D:7      | Reached XP level 9. HP: 48/63 MP: 10/10
  8498 | D:7      | Reached skill level 11 in Maces & Flails
  8891 | D:7      | Reached **** piety under Lugonu
  9832 | D:8      | Noticed Grum
  9844 | D:8      | Found a flagged portal.
  9869 | D:8      | Reached skill level 12 in Maces & Flails
  9888 | Bailey   | Entered a bailey
 10459 | D:8      | Noticed a troll
 10958 | D:8      | Reached ***** piety under Lugonu
 10963 | D:8      | Found an ornate altar of the Wu Jian Council.
 11152 | D:8      | Gained mutation: You have a pair of large antennae on your head. (SInv) [demonic ancestry]
 11152 | D:8      | Reached XP level 10. HP: 61/70 MP: 11/11
 11170 | D:8      | Found a hazy altar of Hepliaklqana.
 11374 | D:8      | Your ally died
 11388 | D:8      | Reached skill level 13 in Maces & Flails
 12017 | D:9      | Noticed a two-headed ogre
 12048 | D:9      | Killed a two-headed ogre
 12048 | D:9      | Reached skill level 5 in Fighting
 12314 | D:9      | Found Semmugg's Food Shoppe.
 12326 | D:9      | Found an opulent altar of Gozag.
 12377 | D:9      | Found a shimmering altar of Xom.
 12504 | D:9      | Found a staircase to the Lair.
 12541 | D:9      | Noticed Erolcha
 12557 | D:9      | Splashed by Erolcha's acid

Vault maps used:
D:1:      minmay_arrival_loop, nrook_uturn, minmay_cut_off
D:3:      bloody_trog, first_ration, uniq_grinder, uniq_natasha
D:4:      cheibrodos_fertilizer, serial_shops, shop
D:5:      kiku_gazebo_pond_becter, nicolae_dithmenos_through_a_glass_darkly,
          basic_altar, uniq_pikel
D:6:      minmay_temple_entry_fiery, serial_shops, shop
D:8:      overflow_temple_1_default, nicolae_overflow_crystal_walls,
          enter_bailey_2, grunt_ogre_cave, uniq_grum
D:9:      nicolae_gozag_cash_rules_everything_around_me, marbit_many_paths,
          erik_lair_dragon, serial_shops, kennysheep_mini, uniq_erolcha
Bailey:   bailey_axe_1, bailey

Skill      XL: |  1  2  3  4  5  6  7  8  9 10 |
---------------+-------------------------------+-----
Maces & Flails | 2 3 5 7 8 10 12 13 | 13.4
Fighting       | 6 |  6.0
Armour         | |  1.7
Dodging        | |  0.8
Invocations    | |  2.4

Action                   |  1- 3 |  4- 6 |  7- 9 | 10-12 || total
-------------------------+-------+-------+-------+-------++-------
Melee: Mace              |   109 |   240 |   668 |   150 ||  1167
Throw: Throwing net      |       |       |     2 |       ||     2
Invok: Depart the Abyss  |     1 |       |       |       ||     1
Evoke: Wand              |       |       |    47 |    18 ||    65
       Sack of spiders   |       |       |       |     2 ||     2
  Use: Scroll            |     1 |     4 |     5 |     1 ||    11
       Potion            |       |     4 |     1 |       ||     5
 Stab: Paralysed         |       |       |    15 |       ||    15
       Distracted        |       |       |     1 |       ||     1
       Confused          |       |       |     1 |     1 ||     2
  Eat: Chunk             |       |     7 |    17 |     5 ||    29
       Ration            |       |     1 |     2 |       ||     3
Armor: Leather armour    |    56 |    76 |   267 |    20 ||   419
       Skin              |       |     9 |       |       ||     9
       Animal skin       |       |       |       |    29 ||    29
Dodge: Dodged            |    93 |   143 |   236 |    60 ||   532
Block: Buckler           |       |       |    49 |    18 ||    67

Table legend:
 A = Spawn XP
 B = Non-spawn XP
 C = Spawn XP percentage of total XP
 D = Spawn monster count
 E = Non-spawn monster count
 F = Spawn count percentage of total count
 G = Total turns spent on level
                    A         B        C        D         E        F      G
               +---------+---------+-------+---------+---------+-------+---------
         Total |       0 |    8422 |   0.0 |       0 |     232 |   0.0 | 12557
               +---------+---------+-------+---------+---------+-------+---------
           D:1 |       0 |      58 |   0.0 |       0 |      28 |   0.0 |  1003
           D:2 |       0 |      60 |   0.0 |       0 |      16 |   0.0 |  1283
           D:3 |       0 |     478 |   0.0 |       0 |      35 |   0.0 |  1508
           D:4 |       0 |     487 |   0.0 |       0 |      32 |   0.0 |  2159
           D:5 |       0 |    1491 |   0.0 |       0 |      26 |   0.0 |  1371
           D:6 |       0 |     159 |   0.0 |       0 |       9 |   0.0 |  1066
           D:7 |       0 |    1640 |   0.0 |       0 |      33 |   0.0 |  1800
           D:8 |       0 |    2479 |   0.0 |       0 |      33 |   0.0 |  1421
           D:9 |       0 |    1554 |   0.0 |       0 |      18 |   0.0 |   844
        Bailey |       0 |      16 |   0.0 |       0 |       2 |   0.0 |    30
               +---------+---------+-------+---------+---------+-------+---------
